 Dungeon Crawl Stone Soup version 0.22.1-1-ga44c0e5 (webtiles) character file.

52 buskinjo2 the Slasher (level 3, -4/26 HPs)
             Began as an Octopode Chaos Knight on Sept 30, 2018.
             Shot with a stone by a goblin (8 damage)
             ... on level 2 of the Dungeon.
             The game lasted 00:02:29 (864 turns).

buskinjo2 the Slasher (Octopode Chaos Knight)        Turns: 864, Time: 00:02:32

Health: -4/26      AC:  1    Str: 12    XL:     3   Next: 85%
Magic:  3/3        EV: 13    Int: 14    God:    Xom [......]
Gold:   31         SH:  0    Dex: 11    Spells: 2/2 levels left

rFire    . . .     SeeInvis .   a - +0 falchion (chaos)
rCold    . . .     Gourm    .   (no shield)
rNeg     . . .     Faith    .   (helmet restricted)
rPois    .         Spirit   .   (no amulet)
rElec    .         Reflect  .   (no ring)
rCorr    .         Harm     .   (no ring)
MR       .....                  (no ring)
Stlth    ++........             (no ring)
HPRegen  0.08/turn              (no ring)
MPRegen  0.08/turn              (no ring)
                                (no ring)
                                (no ring)

@: no status effects
A: almost no armour, stealthy swim, amphibious, 8 rings, constrict 8, camouflage
1, gelatinous body 1
a: Renounce Religion


You were on level 2 of the Dungeon.
You worshipped Xom.
You were a very special plaything of Xom.
You were not hungry.

You visited 1 branch of the dungeon, and saw 2 of its levels.

You collected 31 gold pieces.

Inventory:

Hand Weapons
 a - a +0 falchion of chaos (weapon)
Jewellery
 h - an uncursed ring of ice
Potions
 e - a potion of heal wounds {unknown}
 g - a potion of agility {unknown}
Comestibles
 b - a ration


   Skills:
 - Level 3.0 Fighting
 * Level 4.6 Long Blades
 - Level 2.3 Dodging


You had 2 spell levels left.
You didn't know any spells.
Your spell library was empty.

Dungeon Overview and Level Annotations

Branches:
Dungeon (2/15)

Altars:


Innate Abilities, Weirdness & Mutations

You cannot wear most types of armour.
You are very stealthy in the water. (Stealth+)
You are amphibious.
You can wear up to eight rings at the same time.
You can use your tentacles to constrict eight enemies at once.
Your skin changes colour to match your surroundings (Stealth+).
Your rubbery body absorbs attacks. (AC +1, EV +1)


Message History

The kobold hits you with a dagger.
You hit the kobold.
You kill the kobold!
The goblin unwields an uncursed club.
The goblin wields a hunting sling.
The goblin shoots a stone.
The stone misses you.
A dart slug comes into view.
The goblin shoots a stone.
The stone hits you.
Found 8 gold pieces.
A bat comes into view.
The helpless worm fails to defend itself.
You hit the worm.
Sparks fly from the worm's tail!
Your grab misses the worm.
The worm is moderately wounded.
The worm closely misses you.
You hit the worm but do no damage.
The worm goes berserk!
You grab the worm.
The worm is moderately wounded.
You constrict the worm. The worm bites you!
Ouch! That really hurt!
* * * LOW HITPOINT WARNING * * *
The goblin shoots a stone.
The stone hits you!
You die...

.##..................# .
.....#..$............#
.....#.)g..............#
.......r.....?.......#..
...##.†..............###
##.................
#................##
...####..####..........
.......@...............
.b..###.w.......##....
.. #.........# #..
#w....$...# #.........#
...#..### ##.#.## .#.#


You could see a worm (berserk), a dart slug, a goblin, a bat (sleeping) and a
rat.

Vanquished Creatures
  An adder (D:2)
  An ooze (D:2)
  2 dart slugs (D:1)
  A leopard gecko (D:2)
  6 bats (D:1)
  A giant cockroach (D:2)
  3 goblins (D:1)
  5 hobgoblins
  2 jackals (D:1)
  2 ball pythons (D:1)
  3 frilled lizards (D:1)
  4 kobolds
  2 rats
33 creatures vanquished.

Notes
Turn   | Place    | Note
-------+----------+-------------------------------------------
     0 | D:1      | buskinjo2 the Octopode Chaos Knight began the quest for the
                  | Orb.
     0 | D:1      | Reached XP level 1. HP: 16/16 MP: 1/1
     2 | D:1      | Noticed a troll
     2 | D:1      | Noticed a spriggan
     4 | D:1      | Noticed a draconian
     6 | D:1      | Noticed a naga
     6 | D:1      | Noticed a halfling
     8 | D:1      | Noticed a gargoyle
    10 | D:1      | Noticed a vampire
    10 | D:1      | Noticed an elf
    12 | D:1      | Noticed a demonspawn
    12 | D:1      | Noticed a tengu
    14 | D:1      | Noticed an octopode
    14 | D:1      | Noticed a vine stalker
    16 | D:1      | Noticed a minotaur
    16 | D:1      | Noticed a felid
    18 | D:1      | Noticed a dwarf
    20 | D:1      | Noticed a demigod
    20 | D:1      | Noticed a centaur
    22 | D:1      | Noticed a ghoul
    24 | D:1      | Noticed a formicid
    24 | D:1      | Noticed a human
    26 | D:1      | Noticed an ogre
    26 | D:1      | Noticed a merfolk
    62 | D:1      | Reached XP level 2. HP: 11/21 MP: 2/2
   418 | D:1      | Reached skill level 4 in Long Blades
   428 | D:1      | XOM: harmless Conj miscast
   498 | D:1      | Reached XP level 3. HP: 20/26 MP: 3/3
   573 | D:1      | XOM: butterfly on damage
   788 | D:1      | XOM: divination: magic mapping
   852 | D:2      | XOM: harmless Summ miscast
   864 | D:2      | Shot with a stone by a goblin

Skill      XL: |  1  2 |
---------------+-------+-----
Long Blades    | 4 |  4.6
Fighting       | |  3.0
Dodging        | |  2.3

Action                   || total
-------------------------++-------
Melee: Falchion          ||    57
       Constrict         ||    19
       Tentacles         ||    11
  Use: Scroll            ||     4
 Stab: Sleeping          ||     3
Armor: Skin              ||    12
Dodge: Dodged            ||    30
       Rpst.: Falchion   ||    10
